 Dungeon Crawl Stone Soup version 0.30.0-29-ga12c61a403 (webtiles) character file.

Game seed: 6114826945544675422

28436 RascalDebosk the Thaumaturge (level 13, -3/100 HPs)
             Began as a Djinni Fire Elementalist on June 7, 2023.
             Was a Priest of Ashenzari.
             Slain by Snorg (12 damage)
             ... on level 2 of the Orcish Mines.
             The game lasted 01:42:21 (14999 turns).

RascalDebosk the Thaumaturge (DjFE)                Turns: 14999, Time: 01:42:21

Health: -3/100     AC: 10    Str:  7    XL:     13   Next: 73%
Gold:   1089       EV: 14    Int: 21    God:    Ashenzari [***...] SH:  0 Dex: 11

rFire   + + .        z - +4 long sword
rCold   + . .        (no shield)
rNeg    + . .        D - +1 leather armour of Supernal Knowledge {rC+ Dex-4 Stlth+, Evo, Cun} (curse)
rPois   ∞            w - +1 helmet
rElec   .            C - +0 cloak "Cursed With Me" {Fort, Self} (curse)
rCorr   .            v - +0 pair of gloves of Ashenzari's Mistrust {Cun, Self} (curse)
SInv    +            (boots unavailable)
Will    +....        r - amulet of the acrobat
Stlth   +++          m - ring of protection from cold
HPRegen 0.36/turn    h - ring "Sibylline Ennui" {rN+, Cun, Self} (curse)
MPRegen 0.00/turn

%: acrobat, clarity, infuse magic (-4 HP)
@: flying
A: sickness immunity, fire resistance 2, cold vulnerability 1, float, innate
caster, HP casting, extra vitality 1
a: Renounce Religion, Curse Item, Shatter the Chains


You were on level 2 of the Orcish Mines.
You worshipped Ashenzari.
Ashenzari was most pleased with you.
You visited 3 branches of the dungeon, and saw 15 of its levels.
You also visited: Sewer.

You collected 1621 gold pieces.
You spent 532 gold pieces at shops.

Inventory:

Hand Weapons
 z - a +4 long sword (weapon)
Armour
 v - the cursed +0 pair of gloves of Ashenzari's Mistrust (worn) {Cun, Self}
   (You found it on level 4 of the Dungeon)

   It has a curse which improves the following skills: Cunning: Dodging and
   Stealth.
   Introspection: Fighting and Spellcasting.
 w - a +1 helmet (worn)
 x - a +0 pair of gloves
 C - the cursed +0 cloak "Cursed With Me" (worn) {Fort, Self}
   (You found it on level 7 of the Dungeon)

   It has a curse which improves the following skills: Fortitude: Armour and
   Shields.
   Introspection: Fighting and Spellcasting.
 D - the cursed +1 leather armour of Supernal Knowledge (worn) {rC+ Dex-4 Stlth+, Evo, Cun}
   (You bought it in a shop on level 7 of the Dungeon)

   Dex:       It affects your dexterity (-4).
   rC:        It protects you from cold.
   Stlth:     It makes you more stealthy.
   It has a curse which improves the following skills: Evocations: Evocations.
   Cunning:   Dodging and Stealth.
Jewellery
 a - a +4 ring of protection
 b - a ring of see invisible
 g - a +5 ring of evasion
 h - the cursed ring "Sibylline Ennui" (right hand) {rN+, Cun, Self}
   (You took it off an orc wizard on level 5 of the Dungeon)

   [ring of positive energy]

   rN:        It protects you from negative energy.
   It has a curse which improves the following skills: Cunning: Dodging and
   Stealth.
   Introspection: Fighting and Spellcasting.
 m - a ring of protection from cold (left hand)
 r - an amulet of the acrobat (around neck)
 A - a ring of positive energy
Wands
 o - a wand of iceblast (16)
 u - a wand of paralysis (18)
Scrolls
 d - a scroll of poison
 e - 4 scrolls of silence
 f - a scroll of fog
 k - 4 scrolls of immolation
 q - 3 scrolls of magic mapping
 t - 3 scrolls of teleportation
 B - 2 scrolls of vulnerability
 E - 3 scrolls of fear
Potions
 c - 6 potions of curing
 i - 2 potions of brilliance
 j - 2 potions of ambrosia
 l - 3 potions of heal wounds
 n - a potion of lignification
 p - 4 potions of might
 s - a potion of resistance
 y - 3 potions of attraction


   Skills:
 + Level 8.7(11.7) Fighting
 + Level 10.1 Long Blades
 - Level 6.0(7.5) Armour
 + Level 5.1(8.0) Dodging
 - Level 1.5(3.5) Stealth
 * Level 12.3(15.2) Spellcasting
 - Level 4.5(6.0) Evocations


You knew the following spells:

 Your Spells              Type           Power      Damage    Failure   Level
a - Foxfire               Conj/Fire      100%       2x1d9     0%          1
b - Scorch                Fire           100%       2d9       0%          2
c - Volatile Blastmotes   Fire/Tloc      100%       2d18      1%          3
d - Inner Flame           Hex/Fire       68%        N/A       1%          3
e - Flame Wave            Conj/Fire      68%        2d15      1%          4
f - Beastly Appendage     Tmut           100%       N/A       0%          1
g - Momentum Strike       Conj/Tloc      100%       3d10      0%          2
h - Vampiric Draining     Necr           68%        2d10      1%          3
i - Dazzling Flash        Conj/Hex       100%       N/A       1%          3
j - Sticky Flame          Conj/Fire      68%        2d8       1%          4
k - Blade Hands           Tmut           34%        N/A       1%          5
Your spell library was empty.

Dungeon Overview and Level Annotations

Branches:
Dungeon (12/15)            Temple (1/1) D:4            Lair (0/5) D:10
    Orc (2/2) D:11          Sewer (visited)
    Elf: Orc:2

Altars:
Ashenzari
Cheibriados
Dithmenos
Elyvilon
Fedhas
Gozag
Hepliaklqana
Makhleb
Nemelex Xobeh
Okawaru
Qazlal
Ru
Trog
Uskayaw
Wu Jian
Xom
Yredelemnul
Zin
The Shining One

Shops:
D:7 [   D:9 *   Orc:1 (

Annotations:
D:8 1 runed translucent door
D:10 2 transporters, mkat's ghost, journeyman OgCj
D:12 2 runed translucent doors, ystael's ghost, journeyman TrFi
Orc:2 Snorg


Innate Abilities, Weirdness & Mutations

You are immune to sickness and miasma.
You are immune to poison.
Your flesh is very heat resistant. (rF++)
You are vulnerable to cold. (rC-)
You float through the air rather than walking.
You learn spells naturally, not from books.
Your magical power is your life essence.
You have superior vitality. (+4 MHP)


Message History

The orc warrior is moderately wounded.
The foxfire hits the orc warrior but does no damage.
The orc warrior is moderately wounded.
The orc warrior is engulfed in blazing flames.
The orc warrior explodes!
The fiery explosion engulfs the orc warrior!!
You kill the orc warrior!
An orc sorcerer comes into view. It is wielding a +0 dagger.
You hear a chilling moan.
You hear a shout! x7
Casting: Scorch (safe; 0% risk of failure)
Confirm with . or Enter, or press ? or * to list all spells.
You conjure some foxfire!
The orc sorcerer shouts!
The orc high priest is engulfed in blazing flames.
Flame seeps out of the orc high priest.
Casting: Foxfire (safe; 0% risk of failure)
Confirm with . or Enter, or press ? or * to list all spells.
You conjure some foxfire!
The foxfire hits the orc high priest.
Flame seeps out of the orc high priest.
The orc high priest is moderately wounded.
The orc high priest is engulfed in blazing flames.
Flame seeps out of the orc high priest.
The orc knight is engulfed in blazing flames.
Casting: Foxfire (safe; 0% risk of failure)
Confirm with . or Enter, or press ? or * to list all spells.
You conjure some foxfire!
The foxfire hits the orc high priest but does no damage.
The orc high priest is severely wounded.
The foxfire hits the orc high priest.
Flame seeps out of the orc high priest.
The orc high priest is severely wounded.
The foxfire hits the orc high priest.
Flame seeps out of the orc high priest.
The orc high priest is severely wounded.
The orc high priest is engulfed in blazing flames.
Flame seeps out of the orc high priest.
The orc high priest utters an invocation to Beogh.
The foxfire hits the orc knight!
The orc knight is lightly wounded.
The foxfire hits the orc knight but does no damage.
The orc knight is lightly wounded.
The red devil barely misses you.
The hellwing is engulfed in blazing flames.
The hellwing swoops through the air toward you!
The hellwing hits you but does no damage.
The hellwing hits you.
The orc high priest is engulfed in blazing flames.
The hellwing disappears in a puff of smoke!
The red devil disappears in a puff of smoke!
The orc high priest explodes!
The fiery explosion engulfs the orc knight!
The orc knight is moderately wounded.
You hear a shout! x5
You fly upwards.
There is a stone staircase leading down, spattered with blood here.
You start resting.
HP restored.
Things that are here:
a +0 dire flail; a +0 dire flail
There is a stone staircase leading down here.
You fly downwards.
Found 68 gold pieces.
There is a stone staircase leading up here.
Press: ? - help, v - describe, . - travel The floor.
Casting: Foxfire (safe; 0% risk of failure)
Confirm with . or Enter, or press ? or * to list all spells.
Flames lash Snorg.
Snorg is lightly wounded.
Snorg's fire resistance burns away.
Snorg goes berserk!
Casting: Scorch (safe; 0% risk of failure)
Confirm with . or Enter, or press ? or * to list all spells.
Flames lash Snorg.
Snorg is burned terribly!
Snorg is moderately wounded.
Snorg bites you!! Snorg closely misses you. Snorg barely misses you.
Casting: Scorch (safe; 0% risk of failure)
Confirm with . or Enter, or press ? or * to list all spells.
Aiming: Sticky Flame (safe; 1% risk of failure)
Press: ? - help, Shift-Dir - straight line, f - Snorg
Aim: Snorg (lightly wounded, berserk, more vulnerable to fire)
The sticky flame hits Snorg!!
Snorg is burned terribly!
Snorg is moderately wounded.
Snorg is covered in liquid flames!
Snorg burns!
Snorg bites you!! Snorg closely misses you. Snorg barely misses you.
A cyclops comes into view.
Casting: Sticky Flame (safe; 1% risk of failure)
Confirm with . or Enter, or press ? or * to list all spells.
Casting: Flame Wave (safe; 1% risk of failure)
Press: ? - help, Dir - look around, f - activate A wave of flame ripples out!
The flame wave engulfs Snorg!
Snorg is burned terribly!
Snorg is heavily wounded. (Press . to intensify the flame waves.)
The cyclops shouts!
* * * LOW HITPOINT WARNING * * *
You hear a shout! x7; You hear a howl!
Snorg burns!
Snorg bites you!!
* * * LOW HITPOINT WARNING * * *
Snorg claws you!
* * * LOW HITPOINT WARNING * * *
Snorg claws you!
You die...

, * ,, , , ,
......... , *
........., . ,
* * ,
....$....,** ..
,........###
..$, , , ,
..........,....
,
.........,....
, ,
........#..##..
* *,
.......@T......
* ,
..............#
* ,
..............#
,
...............
...............
.......$.......
,
...............
, , , <
..C............
* , , , ,,,


You could see Snorg (berserk, burning, combustible) and a cyclops.

Vanquished Creatures
  An ettin (Orc:1)
  2 two-headed ogres
  A centaur warrior (D:8)
  An orc high priest (Orc:2)
  Pikel (D:5)
  A deep elf pyromancer (D:12)
  4 orc sorcerers
  A gargoyle (D:11)
  A komodo dragon (D:10)
  A kobold demonologist (D:12)
  2 trolls
  2 slime creatures (D:8)
  4 wraiths
  A vampire (D:10)
  A shadow (D:11)
  5 wyverns
  A basilisk (D:12)
  13 yaks
  6 vampire mosquitoes
  5 steam dragons
  A two-headed ogre zombie (D:11)
  An acid dragon (D:12)
  4 water moccasins
  An ice beast (D:5)
  9 orc warriors
  A sky beast (D:6)
  A black bear (D:5)
  2 ogres
  7 centaurs
  A lemure (D:5)
  A phantom (D:11)
  7 bullfrogs
  9 kobold brigands
  3 scorpions
  11 wights
  4 killer bees (D:7)
  2 troll zombies (D:11)
  8 howler monkeys
  3 hounds
  2 jellies (D:5)
  2 gnoll boudas
  8 orc priests
  A sleepcap (D:8)
  6 iguanas
  Natasha (D:2)
  17 orc wizards
  5 ogre zombies (D:11)
  8 adders
  12 gnolls
  4 river rats
  A shadow imp (D:7)
  2 white imps
  2 ufetubi (D:5)
  4 worms
  5 dart slugs (D:3)
  28 orcs
  8 endoplasms
  4 giant cockroaches
  5 goblins
  6 hobgoblins
  4 jackals (D:5)
  20 kobolds
  5 quokkas
  10 ball pythons
  6 bats
  3 frilled lizards
  A goblin zombie (D:11)
  2 hobgoblin skeletons (D:11)
  A hobgoblin zombie (D:11)
  An orc skeleton (D:11)
  20 orc zombies (D:11)
  7 rats
341 creatures vanquished.

Vanquished Creatures (collateral kills)
  2 foxfires (Orc:2)
2 creatures vanquished.

Vanquished Creatures (others)
  An ice beast (D:8)
  A bullfrog (D:8)
  An orc (Orc:1)
  687 foxfires
690 creatures vanquished.

Grand Total: 1033 creatures vanquished

Notes
Turn   | Place    | Note
-------+----------+-------------------------------------------
     0 | D:1      | RascalDebosk the Djinni Fire Elementalist began the quest
                  | for the Orb.
     0 | D:1      | RascalDebosk set off with the following spells memorised:
                  | Foxfire, Scorch, Volatile Blastmotes, Inner Flame, Flame
                  | Wave.
     0 | D:1      | Reached XP level 1. HP: 15/15 MP: 0/0
   132 | D:1      | Reached XP level 2. HP: 19/21 MP: 0/0
   306 | D:1      | Reached skill level 3 in Spellcasting
   625 | D:1      | Reached XP level 3. HP: 25/25 MP: 0/0
   625 | D:1      | Learned a level 1 spell: Beastly Appendage
  1318 | D:2      | Noticed Natasha
  1322 | D:2      | Killed Natasha
  1323 | D:2      | Reached XP level 4. HP: 27/31 MP: 0/0
  1394 | D:2      | You are sucked into a shaft and drop 1 floor!
  1831 | D:3      | Reached skill level 4 in Spellcasting
  2247 | D:3      | Reached XP level 5. HP: 34/36 MP: 0/0
  2247 | D:3      | Learned a level 2 spell: Momentum Strike
  2520 | D:4      | Reached skill level 1 in Fighting
  2520 | D:4      | Reached skill level 1 in Evocations
  2523 | D:4      | Reached XP level 6. HP: 29/42 MP: 0/0
  2523 | D:4      | Found a staircase to the Ecumenical Temple.
  2532 | Temple   | Entered the Ecumenical Temple
  2593 | Temple   | Became a worshipper of Ashenzari the Shackled
  2801 | D:4      | Found an iron altar of Okawaru.
  2905 | D:4      | Found a glowing drain.
  2913 | Sewer    | Entered a sewer
  3315 | Sewer    | Reached skill level 5 in Spellcasting
  3315 | Sewer    | Reached XP level 7. HP: 47/49 MP: 0/0
  3315 | Sewer    | Learned a level 3 spell: Vampiric Draining
  4162 | D:5      | Entered Level 5 of the Dungeon
  4166 | D:5      | Reached XP level 8. HP: 53/58 MP: 0/0
  4380 | D:5      | Reached skill level 6 in Spellcasting
  4701 | D:5      | Reached skill level 1 in Armour
  4851 | D:5      | Reached XP level 9. HP: 47/65 MP: 0/0
  4851 | D:5      | Learned a level 3 spell: Dazzling Flash
  5074 | D:5      | Noticed Pikel
  5080 | D:5      | Killed Pikel
  5081 | D:5      | Reached skill level 5 in Fighting
  5081 | D:5      | Reached skill level 7 in Spellcasting
  5185 | D:5      | Found a hazy altar of Hepliaklqana.
  5988 | D:6      | Reached XP level 10. HP: 43/73 MP: 0/0
  6198 | D:6      | Reached skill level 8 in Spellcasting
  6748 | D:7      | Found Xuod's Armour Boutique.
  6767 | D:7      | Bought the +1 leather armour of the Hills {rC+ Dex-4
                  | Stlth+} for 215 gold pieces
  6978 | D:7      | Reached skill level 5 in Armour
  7221 | D:7      | Reached * piety under Ashenzari
  7221 | D:7      | Identified a scroll of acquirement
  7222 | D:7      | Acquired 747 gold pieces
  7235 | D:7      | Reached XP level 11. HP: 79/79 MP: 0/0
  7235 | D:7      | Learned a level 4 spell: Sticky Flame
  7236 | D:7      | Reached skill level 10 in Spellcasting
  7236 | D:7      | Reached XP level 12. HP: 85/85 MP: 0/0
  7402 | D:8      | Reached skill level 11 in Spellcasting
  7732 | D:8      | Found a runed translucent door.
  7842 | D:8      | Identified the Teachings on the Volcano
  7940 | D:8      | Found a glowing golden altar of the Shining One.
  8038 | D:8      | Found a runed translucent door.
  8139 | D:8      | Noticed a centaur warrior
  8145 | D:8      | Killed a centaur warrior
  8979 | D:9      | Found Fesiur's Fire Supplies.
  8990 | D:9      | Bought 3 scrolls of immolation for 156 gold pieces
  9633 | D:10     | Entered Level 10 of the Dungeon
  9656 | D:10     | Found a transporter.
  9661 | D:10     | Noticed a two-headed ogre
  9683 | D:10     | Reached XP level 13. HP: 25/93 MP: 0/0
  9683 | D:10     | Learned a level 5 spell: Blade Hands
 10275 | D:10     | Found a transporter.
 10275 | D:10     | Noticed mkat's ghost (journeyman OgCj)
 10278 | D:10     | Found a bloodstained altar of Trog.
 10417 | D:10     | Identified the cursed +0 pair of gloves of Ashenzari's
                  | Mistrust {Cun, Self} (You found it on level 4 of the
                  | Dungeon)
 10775 | D:10     | Found a large runed translucent door.
 10776 | D:10     | Found a large runed translucent door.
 10813 | D:10     | Found a sacrificial altar of Ru.
 10818 | D:10     | Found a white marble altar of Elyvilon.
 10875 | D:10     | Found a staircase to the Lair.
 11163 | D:11     | HP: 4/94 [something (15)]
 11592 | D:11     | Reached skill level 12 in Spellcasting
 11599 | D:11     | Found a staircase to the Orcish Mines.
 11799 | D:11     | Reached ** piety under Ashenzari
 12580 | D:12     | Found a large runed translucent door.
 12580 | D:12     | Found a large runed translucent door.
 12583 | D:12     | Noticed ystael's ghost (journeyman TrFi)
 12592 | D:12     | Reached *** piety under Ashenzari
 12769 | D:12     | Reached skill level 10 in Long Blades
 12779 | D:12     | Identified Sif Muna's Directory of Hurting
 12779 | D:12     | Identified Sif Muna's Grimoire of Impulse
 12779 | D:12     | Identified Sif Muna's Omnibus of Abhorrent Deeds
 12978 | D:7      | Bought a +1 helmet for 161 gold pieces
 13831 | Orc:1    | Entered Level 1 of the Orcish Mines
 14431 | Orc:1    | Found Josham's Antique Weapon Shop.
 14525 | Orc:1    | Noticed an ettin
 14534 | Orc:1    | Killed an ettin
 14535 | Orc:1    | Reached skill level 5 in Dodging
 14876 | Orc:2    | Entered Level 2 of the Orcish Mines
 14995 | Orc:2    | Noticed Snorg
 14999 | Orc:2    | Slain by Snorg

Illustrated notes

Levels and vault maps discovered:
D:1:      sevenhm_arrival_forest_fort_large_2, layout_loops_ring
D:2:      layout_basic, uniq_natasha
D:3:      layout_basic
D:4:      layout_rooms, mainiacjoe_overflow_alcove_1,
          minmay_temple_entry_antechambers, gup_sewer_entry_bubbles,
          chequers_arboretum
D:5:      layout_gridville, nicolae_sif_muna_little_library,
          mainiacjoe_overflow_catwalk_spiral, chequers_serial_rivers_micro_a,
          uniq_pikel
D:6:      layout_basic
D:7:      layout_rooms, serial_shops, nicolae_shop_behind_doors
D:8:      cheibrodos_histonic, layout_basic, nicolae_tso_carved_into_rock
D:9:      layout_roguey, nicolae_shop_fire_sale [nicolae_sub_dead_trees]
D:10:     layout_gridville, jmf_multi_god_temple2, david_lair_shrubbed,
          gammafunk_ghost_wrathful_warriors, hangedman_decor_riveting
D:11:     layout_basic, zombieorc2_lemuel
D:12:     layout_basic, ebering_ghost_disaster_area
Temple:   eino_wide_crystal_templ
Orc:1:    layout_caves, serial_shops, nicolae_shop_trees
Orc:2:    grunt_orc_gardens, layout_caves, grunt_orc_garden, grunt_orc_garden,
          grunt_orc_garden, grunt_orc_garden, ebering_ghost_inner_flame,
          lightli_church_of_beogh, uniq_snorg

Skill      XL: |  1  2  3  4  5  6  7  8  9 10 11 12 13 |
---------------+----------------------------------------+-----
Spellcasting   | 3 4 5 6 7 8 10 11 12 | 12.3
Fighting       | 1 2 3 4 6 7 8 |  8.7
Evocations     | 1 2 3 4 |  4.5
Armour         | 1 4 5 6 |  6.0
Long Blades    | 9 10 | 10.1
Dodging        | 5 |  5.1
Stealth        | |  1.5

Action                     |  1- 3 |  4- 6 |  7- 9 | 10-12 | 13-15 || total
---------------------------+-------+-------+-------+-------+-------++-------
  Melee: Falchion          |       |     2 |       |       |       ||     2
         Long sword        |       |       |     4 |    11 |     4 ||    19
         Unarmed           |       |       |       |       |    10 ||    10
         Punch             |       |       |       |       |     1 ||     1
   Cast: Foxfire           |    49 |    68 |    97 |    89 |   121 ||   424
         Scorch            |     2 |    22 |    62 |    57 |    57 ||   200
         Inner Flame       |       |     6 |    14 |    33 |    20 ||    73
         Volatile Blastmot |       |       |    10 |    10 |       ||    20
         Flame Wave        |       |       |     4 |     8 |    18 ||    30
         Sticky Flame      |       |       |       |     5 |    13 ||    18
         Momentum Strike   |       |       |       |     3 |       ||     3
         Vampiric Draining |       |       |       |     2 |       ||     2
         Blade Hands       |       |       |       |       |     4 ||     4
 Invoke: Curse Item        |       |       |     1 |     1 |     2 ||     4
  Evoke: Wand              |       |       |       |       |     1 ||     1
    Use: Potion            |       |       |       |     3 |       ||     3
         Scroll            |       |       |       |     1 |     2 ||     3
   Stab: Distracted        |       |       |     1 |       |       ||     1
 Armour: Robe              |     5 |     2 |     2 |     1 |       ||    10
         Leather armour    |       |       |       |    27 |    25 ||    52
  Dodge: Dodged            |     2 |    11 |    29 |    50 |   100 ||   192
